 Dungeon Crawl Stone Soup version 0.27-a0-765-ge4d627daa3 (webtiles) character file.

Game seed: 1920758916755476899

491 rageheart7 the Slasher (level 7, -6/59 HPs)
             Began as a Barachi Fighter on Mar 25, 2021.
             Mangled by Pikel
             ... wielding a +2 whip of flaming
              (7 damage)
             ... on level 5 of the Dungeon.
             The game lasted 00:06:42 (6161 turns).

rageheart7 the Slasher (Barachi Fighter)            Turns: 6161, Time: 00:06:43

Health: -6/59      AC:  5    Str: 19    XL:     7   Next: 14%
Magic:  7/7        EV:  8    Int: 14    God:
Gold:   32         SH:  9    Dex: 12    Spells: 6/6 levels left

rFire    . . .     SeeInvis .   a - +0 long sword
rCold    . . .     Faith    .   c - +0 kite shield
rNeg     . . .     Spirit   .   f - +1 leather armour of Perfidy {Int+6}
rPois    .         Reflect  .   (no helmet)
rElec    .         Harm     .   (no cloak)
rCorr    .         Rampage  .   (no gloves)
Will     .....                  p - +0 pair of boots
Stlth    +.........             (no amulet)
HPRegen  0.19/turn              (no ring)
MPRegen  0.10/turn              (no ring)

@: slow
A: +LOS, amphibious, slowness 1, strong legs 1
a: Hop


You were on level 5 of the Dungeon.
You visited 1 branch of the dungeon, and saw 5 of its levels.

You collected 257 gold pieces.
You spent 225 gold pieces at shops.

Inventory:

Hand Weapons
 a - a +0 long sword (weapon)
 o - a +3 short sword
Armour
 c - a +0 kite shield (worn)
 f - the +1 leather armour of Perfidy (worn) {Int+6}
   (You found it on level 4 of the Dungeon)

   It affects your intelligence (+6).
 p - a +0 pair of boots (worn)
Scrolls
 b - 2 scrolls of enchant armour
 d - a scroll of noise {unknown}
 e - 2 scrolls of identify {unknown}
 g - 3 scrolls of amnesia {unknown}
 h - a scroll of fear {unknown}
 i - a scroll of magic mapping {unknown}
 j - a scroll of blinking {unknown}
 k - 3 scrolls of fog {unknown}
 l - 2 scrolls of teleportation {unknown}
 m - a scroll of summoning {unknown}
 q - 2 scrolls of enchant weapon
 r - a scroll of holy word {unknown}
 s - a scroll of acquirement {unknown}
Potions
 n - a potion of curing


   Skills:
 * Level 6.3 Fighting
 * Level 7.4 Long Blades
 - Level 3.6 Armour
 - Level 3.2 Shields


You had 6 spell levels left.
You didn't know any spells.
Your spell library contained the following spells:

 Spells                   Type           Power      Damage    Failure   Level
 Beastly Appendage        Tmut           0%         N/A       83%         1
 Wereblood                Tmut           0%         N/A       93%         2
 Confusing Touch          Hex            0%         N/A       99%         3
 Gell's Gravitas          Tloc           0%         N/A       99%         3
 Spider Form              Tmut/Pois      0%         N/A       99%         3
 Ice Form                 Ice/Tmut       0%         N/A       100%        4
 Petrify                  Tmut/Erth      0%         N/A       100%        4
 Blade Hands              Tmut           0%         N/A       100%        5
 Metabolic Englaciation   Hex/Ice        0%         N/A       100%        5
 Yara's Violent Unravell  Hex/Tmut       0%         3d3       100%        5


Dungeon Overview and Level Annotations

Branches:
Dungeon (5/15)
 Temple: D:4-7

Altars:
Fedhas
Gozag
Nemelex Xobeh
Uskayaw
Xom
Yredelemnul
The Shining One

Shops:
D:5 ?=

Annotations:
D:5 Pikel


Innate Abilities, Weirdness & Mutations

You can be seen from farther away. (+LOS)
You are amphibious.
You cover ground slowly.
You can hop short distances.


Message History

You hit Pikel but do no damage. Pikel closely misses you.
You block Pikel's attack.
Okay, then.
You hit Pikel.
Pikel is lightly wounded.
Pikel hits you with a +2 whip of flaming.
Pikel burns you.
* * * LOW HITPOINT WARNING * * *
Pikel hits you with a +2 whip of flaming.
* * * LOW HITPOINT WARNING * * *
Pikel burns you.
* * * LOW HITPOINT WARNING * * *
You closely miss Pikel.
Pikel is lightly wounded.
Pikel hits you with a +2 whip of flaming.
* * * LOW HITPOINT WARNING * * *
Pikel burns you.
* * * LOW HITPOINT WARNING * * *
You slash Pikel!
Pikel is moderately wounded.
Pikel hits you with a +2 whip of flaming.
* * * LOW HITPOINT WARNING * * *
Pikel burns you.
* * * LOW HITPOINT WARNING * * *
You barely miss Pikel.
Pikel is moderately wounded.
You block Pikel's attack.
Unknown command.
You slash Pikel!
Pikel is severely wounded.
Pikel waves his whip at you. You block Pikel's attack.
You slash Pikel!
Pikel is almost dead.
Pikel hits you with a +2 whip of flaming.
* * * LOW HITPOINT WARNING * * *
Pikel burns you.
* * * LOW HITPOINT WARNING * * *
Pikel hits you with a +2 whip of flaming!
You die...

# ## . Z. # 55
###### #. #....#
#5 #@##.# . #.
#K##.# #.. ##
#.####5#..#
#...#.
#.5..55#..#
#...^
########.####.#
#..#. #......#
## #..#########
#..##......#
#..##.####.#####


You could see Pikel and 3 lemures.

Vanquished Creatures
  A kobold brigand (D:4)
  A water moccasin zombie (D:3)
  A water moccasin skeleton (D:4)
  A hound (D:3)
  An orc wizard (D:3)
  2 worker ants (D:3)
  4 gnolls
  A howler monkey skeleton (D:4)
  5 adders
  An adder skeleton (D:4)
  A worm (D:4)
  2 dart slugs (D:1)
  6 orcs
  9 ball pythons
  4 bats
  4 endoplasms
  4 giant cockroaches
  6 goblins
  13 hobgoblins
  14 jackals
  8 quokkas
  4 frilled lizards
  10 kobolds
  4 rats
107 creatures vanquished.

Vanquished Creatures (others)
  A kobold (D:3)
  A bat (D:3)
2 creatures vanquished.

Grand Total: 109 creatures vanquished

Notes
Turn   | Place    | Note
-------+----------+-------------------------------------------
     0 | D:1      | rageheart7 the Barachi Fighter began the quest for the Orb.
     0 | D:1      | Reached XP level 1. HP: 18/18 MP: 1/1
    90 | D:1      | Reached XP level 2. HP: 17/25 MP: 2/2
   331 | D:1      | Reached skill level 3 in Long Blades
   458 | D:1      | Reached XP level 3. HP: 25/31 MP: 3/3
  1033 | D:1      | Reached skill level 4 in Long Blades
  1296 | D:1      | Reached XP level 4. HP: 38/38 MP: 4/4
  1388 | D:2      | Found an opulent altar of Gozag.
  1550 | D:2      | Found a blossoming altar of Fedhas.
  1603 | D:2      | You fall into a shaft and drop 1 floor!
  1905 | D:2      | Found a shimmering altar of Xom.
  1905 | D:2      | Found a shimmering altar of Xom.
  1906 | D:2      | Found a shimmering altar of Xom.
  1906 | D:2      | Found a shimmering altar of Xom.
  1907 | D:2      | Found a shimmering altar of Xom.
  1907 | D:2      | Found a shimmering altar of Xom.
  1907 | D:2      | Found a shimmering altar of Xom.
  1908 | D:2      | Found a shimmering altar of Xom.
  2456 | D:3      | Reached skill level 5 in Long Blades
  2487 | D:3      | Reached XP level 5. HP: 31/43 MP: 5/5
  2491 | D:3      | Reached skill level 5 in Fighting
  2936 | D:3      | Found a basalt altar of Yredelemnul.
  2938 | D:3      | Noticed a profane servitor
  2977 | D:3      | Found a glowing golden altar of the Shining One.
  2979 | D:3      | Noticed an angel
  3209 | D:3      | Reached skill level 6 in Long Blades
  3213 | D:3      | Found a sparkling altar of Nemelex Xobeh.
  3909 | D:3      | Reached XP level 6. HP: 28/51 MP: 6/6
  4503 | D:4      | Identified the +1 leather armour of Perfidy {Int+6}
  5114 | D:4      | Found a hide-covered altar of Uskayaw.
  5196 | D:4      | Reached skill level 7 in Long Blades
  5668 | D:4      | Found a hide-covered altar of Uskayaw.
  5673 | D:4      | HP: 2/52 [kobold brigand/+0 club (1)]
  5689 | D:4      | Reached XP level 7. HP: 7/59 MP: 7/7
  6009 | D:5      | Entered Level 5 of the Dungeon
  6009 | D:5      | Found Enuhum's Jewellery Shop.
  6096 | D:5      | Found Featrape's Magic Scroll Emporium.
  6106 | D:5      | Bought a scroll of enchant armour for 75 gold pieces
  6106 | D:5      | Bought a scroll of enchant armour for 75 gold pieces
  6106 | D:5      | Bought a scroll of enchant weapon for 75 gold pieces
  6143 | D:5      | Noticed Pikel
  6161 | D:5      | HP: 1/59 [Pikel/+2 whip of flaming (2)]
  6161 | D:5      | Mangled by Pikel

Illustrated notes

Levels and vault maps discovered:
D:1:      dpeg_arrival_simpleton_c, layout_loops_cross, item_on_display_a
D:2:      layout_rooms, nicolae_gozag_seed_capital, xom_redecorated,
          fedhas_altar_2
D:3:      layout_basic, grunt_temple_overflow_holy_war, lemuel_crystal_altar,
          chequers_arboretum, hangedman_decor_diamond_cutter
D:4:      layout_cave_pools, nicolae_uskayaw_dance_studio, serial_column_ruins,
          column_ruins_hut, column_ruins_temple_hall,
          column_ruins_columns_straight, column_ruins_corridor_straight,
          column_ruins_grid_1, column_ruins_grid_2, column_ruins_open_tiny,
          minmay_pentangle
D:5:      layout_basic, serial_shops, shop_fountains, shop,
          nicolae_shop_window_shopping, shop, uniq_edmund, uniq_pikel,
          uniq_crazy_yiuf_cottage

Skill      XL: |  1  2  3  4  5  6 |
---------------+-------------------+-----
Fighting       | 4 5 6 |  6.3
Long Blades    | 3 4 5 6 7 |  7.4
Armour         | |  3.6
Shields        | |  3.2

Action                   |  1- 3 |  4- 6 |  7- 9 || total
-------------------------+-------+-------+-------++-------
Melee: Long sword        |    99 |   128 |    10 ||   237
       Short sword       |       |   139 |     5 ||   144
 Abil: Hop               |     1 |       |       ||     1
  Use: Potion            |     1 |     7 |       ||     8
Armor: Scale mail        |    61 |   136 |       ||   197
       Leather armour    |       |    21 |       ||    21
Dodge: Dodged            |    45 |   124 |     2 ||   171
Block: Kite shield       |    73 |   170 |     6 ||   249
       Rpst.: Long sword |    13 |    24 |       ||    37

Table legend: (Time is in decaauts)
 A = Elapsed time spent in this place.
 B = Non-inter-level travel time spent in this place.
 C = Inter-level travel time spent in this place.
 D = Time resting spent in this place.
 E = Time spent auto-exploring this place.
 F = Levels seen in this place.
 G = Mean time per level.
                   A        B        C        D        E       F      G
               +--------+--------+--------+--------+--------+-----+--------+
         Total |   6773 |   6599 |    174 |   1980 |   3708 |   5 | 1354.6 |
       Dungeon |   6773 |   6599 |    174 |   1980 |   3708 |   5 | 1354.6 |
               +--------+--------+--------+--------+--------+-----+--------+

Top non-repeatable levels by time:
     D:3: 2817 daAuts
     D:1: 1553 daAuts
     D:4: 1463 daAuts
     D:2: 758 daAuts
     D:5: 180 daAuts
